 Dungeon Crawl Stone Soup version 0.22-a0-558-gc2241811a9 (webtiles) character file.

2525 Kholdaimon the Vexing (level 9, -1/68 HPs)
             Began as a Gnoll Arcane Marksman on June 26, 2018.
             Was a Believer of Okawaru.
             Slain by a killer bee (8 damage)
             ... on level 7 of the Dungeon.
             The game lasted 00:40:51 (5810 turns).

Kholdaimon the Vexing (Gnoll Arcane Marksman)       Turns: 5810, Time: 00:40:52

Health: -1/68      AC:  9    Str: 15    XL:     9   Next: 54%
Magic:  16/16      EV: 21    Int: 17    God:    Okawaru [**....]
Gold:   14         SH:  0    Dex: 24    Spells: 17/18 levels left

rFire    . . .     SeeInvis .   s - +3 short sword
rCold    + . .     Gourm    .   (no shield)
rNeg     . . .     Faith    .   t - +1 ring mail {rC+}
rPois    .         Spirit   .   (no helmet)
rElec    .         Reflect  .   (no cloak)
rCorr    +         Harm     .   v - +1 pair of gloves
MR       .....                  (no boots)
Stlth    ++++......             (no amulet)
HPRegen  0.21/turn              g - ring of resist corrosion
MPRegen  0.15/turn              F - +4 ring of dexterity

@: agile, lethally poisoned (-1 -> -3)
A: distributed training, fangs 1, strong nose
a: Heroism, Renounce Religion


You were on level 7 of the Dungeon.
You worshipped Okawaru.
Okawaru was pleased with you.
You were very hungry.

You visited 2 branches of the dungeon, and saw 8 of its levels.

You collected 454 gold pieces.
You spent 440 gold pieces at shops.

Inventory:

Hand Weapons
 a - a +1 hand crossbow
 m - a +3 dagger
 p - a +0 shortbow
 s - a +3 short sword (weapon)
Missiles
 d - 46 bolts
 e - 157 arrows
 h - 5 tomahawks
 q - 33 sling bullets
 r - 251 stones (quivered)
 y - 13 poisoned needles
 z - 3 javelins
Armour
 t - a +1 ring mail of cold resistance (worn)
 v - a +1 pair of gloves (worn)
Jewellery
 g - a ring of resist corrosion (left hand)
 A - an uncursed ring of ice
 F - a +4 ring of dexterity (right hand)
Wands
 L - a wand of iceblast (7)
Scrolls
 b - a scroll of fear {unknown}
 c - 3 scrolls of remove curse
 i - a scroll of immolation
 k - 2 scrolls of blinking
 l - a scroll of amnesia
 n - 2 scrolls of magic mapping
 o - a scroll of fog {unknown}
 E - 3 scrolls of enchant weapon
 N - a scroll of teleportation
Potions
 j - a potion of brilliance
 x - 2 potions of might
 B - a potion of mutation {unknown}
 C - 2 potions of magic
 D - a potion of lignification
 G - 2 potions of haste
 I - a potion of ambrosia
 J - a potion of flight
 K - a potion of cancellation
Comestibles
 f - 9 rations
 M - 3 chunks of flesh


   Skills:
 + Level 5.0 Fighting
 + Level 4.2 Short Blades
 + Level 4.2 Long Blades
 + Level 4.2 Axes
 + Level 4.2 Maces & Flails
 + Level 4.2 Polearms
 + Level 4.2 Staves
 + Level 4.2 Slings
 + Level 4.2 Bows
 + Level 6.3 Crossbows
 + Level 4.2 Throwing
 + Level 4.2 Armour
 + Level 6.3 Dodging
 + Level 4.2 Stealth
 + Level 4.2 Shields
 + Level 4.2 Unarmed Combat
 + Level 5.2 Spellcasting
 + Level 3.5 Conjurations
 + Level 6.5 Hexes
 + Level 3.5 Charms
 + Level 3.5 Summonings
 + Level 3.5 Necromancy
 + Level 3.5 Translocations
 + Level 3.5 Transmutations
 + Level 3.5 Fire Magic
 + Level 3.5 Ice Magic
 + Level 3.5 Air Magic
 + Level 3.5 Earth Magic
 + Level 3.5 Poison Magic
 + Level 4.7 Invocations
 + Level 4.2 Evocations


You had 17 spell levels left.
You knew the following spells:

 Your Spells              Type           Power        Failure   Level  Hunger
a - Corona                Hex            ####...      1%          1    None

Your spell library contained the following spells:

 Spells                   Type           Power        Failure   Level  Hunger
 Cause Fear               Hex            ####......   17%         4    ####...
 Slow                     Hex            ####....     2%          2    #......
 Portal Projectile        Hex/Tloc       ###...       10%         3    ###....
 Leda's Liquefaction      Hex/Erth       ###.......   32%         4    ####...
 Inner Flame              Hex/Fire       ###.....     10%         3    ###....


Dungeon Overview and Level Annotations

Branches:
Dungeon (7/15)             Temple (1/1) D:5

Altars:
Ashenzari
Cheibriados
Dithmenos
Elyvilon
Fedhas
Gozag
Hepliaklqana
Okawaru
Qazlal
Ru
Sif Muna
Trog
Uskayaw
Vehumet
Wu Jian
Yredelemnul
Zin
The Shining One
Jiyva

Shops:
D:6 !

Annotations:
D:6 2 transporters


Innate Abilities, Weirdness & Mutations

Your experience applies equally to all skills.
You have very sharp teeth.
Your uncanny sense of smell can sniff out nearby items.


Message History

You miss the killer bee.
The killer bee is almost dead.
The killer bee closely misses you. The killer bee misses you.
You hit the killer bee.
You kill the killer bee!
Okawaru accepts your kill.
You feel sick. The killer bee closely misses you.
You miss the killer bee. Your bite misses the killer bee.
The killer bee closely misses you. The killer bee misses you.
You hit the killer bee.
You bite the killer bee, but do no damage.
The killer bee is moderately wounded.
You feel sick. The killer bee misses you. The killer bee barely misses you.
You hit the killer bee.
The killer bee is severely wounded.
The killer bee misses you.
You closely miss the killer bee.
The killer bee is severely wounded.
You feel sick. The killer bee stings you!
You die...

# ##.# ... ####.##.#. #
#......... #.###...#
..# #(.((...# # ..#
##.#Zy###.###.# #
##yy@....#.# #
#.###.###.## #.##...#
#....#
#......###....########
#.#..................##
#.####..†......#####...
#........)..#### ####
.....#######.# #### #.#


You could see 3 killer bees and a bullfrog zombie.

Vanquished Creatures
  A hippogriff (D:6)
  2 hungry ghosts
  Menkaure (D:5)
  A black bear (D:6)
  An ice beast (D:5)
  2 phantoms
  4 ogres
  A necrophage (D:7)
  4 centaurs
  A big kobold (D:4)
  A bullfrog (D:6)
  4 killer bees (D:7)
  3 bullfrog zombies
  A centaur zombie (D:4)
  2 orc wizards (D:4)
  A bullfrog skeleton (D:4)
  A hound (D:5)
  2 centaur skeletons
  An iguana (D:5)
  A worker ant (D:4)
  A hound zombie (D:4)
  A worker ant zombie (D:6)
  9 adders
  2 oozes
  3 worms (D:2)
  7 leopard geckos
  14 orcs
  2 giant cockroaches
  8 goblins
  10 hobgoblins
  9 jackals
  3 quokkas
  7 bats
  8 frilled lizards
  A giant cockroach zombie (D:5)
  12 kobolds
  A quokka skeleton (D:5)
  5 rats
138 creatures vanquished.

Notes
Turn   | Place    | Note
-------+----------+-------------------------------------------
     0 | D:1      | Kholdaimon the Gnoll Arcane Marksman began the quest for the Orb.
     0 | D:1      | Reached XP level 1. HP: 17/17 MP: 4/4
   229 | D:1      | Reached XP level 2. HP: 23/23 MP: 5/5
   527 | D:1      | Reached XP level 3. HP: 28/28 MP: 7/7
   829 | D:2      | Reached skill level 1 in Invocations
  1030 | D:2      | Found a sacrificial altar of Ru.
  1095 | D:2      | Reached skill level 1 in Short Blades
  1095 | D:2      | Reached skill level 1 in Long Blades
  1095 | D:2      | Reached skill level 1 in Axes
  1095 | D:2      | Reached skill level 1 in Maces & Flails
  1095 | D:2      | Reached skill level 1 in Polearms
  1095 | D:2      | Reached skill level 1 in Staves
  1095 | D:2      | Reached skill level 1 in Slings
  1095 | D:2      | Reached skill level 1 in Bows
  1095 | D:2      | Reached skill level 1 in Throwing
  1095 | D:2      | Reached skill level 1 in Armour
  1095 | D:2      | Reached skill level 1 in Stealth
  1095 | D:2      | Reached skill level 1 in Shields
  1095 | D:2      | Reached skill level 1 in Unarmed Combat
  1095 | D:2      | Reached skill level 1 in Evocations
  1109 | D:2      | Reached XP level 4. HP: 34/34 MP: 8/8
  1263 | D:2      | Found a snail-covered altar of Cheibriados.
  1752 | D:3      | Reached skill level 1 in Conjurations
  1752 | D:3      | Reached skill level 1 in Charms
  1752 | D:3      | Reached skill level 1 in Summonings
  1752 | D:3      | Reached skill level 1 in Necromancy
  1752 | D:3      | Reached skill level 1 in Translocations
  1752 | D:3      | Reached skill level 1 in Transmutations
  1752 | D:3      | Reached skill level 1 in Fire Magic
  1752 | D:3      | Reached skill level 1 in Ice Magic
  1752 | D:3      | Reached skill level 1 in Air Magic
  1752 | D:3      | Reached skill level 1 in Earth Magic
  1752 | D:3      | Reached skill level 1 in Poison Magic
  1752 | D:3      | Reached XP level 5. HP: 40/40 MP: 9/9
  1872 | D:3      | Found a blossoming altar of Fedhas.
  1873 | D:3      | Found a stormy altar of Qazlal.
  1913 | D:3      | Found a hazy altar of Hepliaklqana.
  1914 | D:3      | Found an ornate altar of the Wu Jian Council.
  1916 | D:3      | Found a shadowy altar of Dithmenos.
  2398 | D:4      | Noticed an ogre
  2726 | D:4      | Reached XP level 6. HP: 40/47 MP: 10/10
  3158 | D:4      | Reached skill level 5 in Crossbows
  3158 | D:4      | Reached skill level 5 in Dodging
  3425 | D:4      | Reached XP level 7. HP: 52/52 MP: 12/12
  3505 | D:5      | Entered Level 5 of the Dungeon
  3553 | D:5      | Noticed Menkaure
  3565 | D:5      | Killed Menkaure
  3644 | D:5      | Found a staircase to the Ecumenical Temple.
  3685 | Temple   | Entered the Ecumenical Temple
  3793 | Temple   | Became a worshipper of Warmaster Okawaru
  3939 | D:5      | Reached XP level 8. HP: 34/60 MP: 12/14
  4523 | D:6      | Reached * piety under Okawaru
  4786 | D:6      | Found a transporter.
  4979 | D:6      | Found a transporter.
  5071 | D:6      | Noticed a hippogriff
  5083 | D:6      | Killed a hippogriff
  5083 | D:6      | Reached ** piety under Okawaru
  5083 | D:6      | Reached XP level 9. HP: 57/66 MP: 16/16
  5340 | D:6      | Found Keaxe's Distillery.
  5348 | D:6      | Bought a potion of lignification for 33 gold pieces
  5348 | D:6      | Bought a potion of haste for 110 gold pieces
  5348 | D:6      | Bought a potion of agility for 44 gold pieces
  5348 | D:6      | Bought a potion of ambrosia for 88 gold pieces
  5348 | D:6      | Bought a potion of flight for 33 gold pieces
  5348 | D:6      | Bought a potion of cancellation for 88 gold pieces
  5348 | D:6      | Bought a potion of might for 44 gold pieces
  5610 | D:7      | Reached skill level 5 in Spellcasting
  5680 | D:7      | Reached skill level 5 in Fighting
  5810 | D:7      | Slain by a killer bee

Vault maps used:
D:1:      ncdulo_halloftheorcs, hangedman_decor_points, fountainhead,
          palyth_stone_intersect, minmay_tromino_mix6
D:2:      marbit_many_paths, nicolae_ru_path_of_blood
D:3:      grunt_temple_overflow_forces_of_nature, grunt_temple_overflow_open
D:4:      cheibrodos_thug_alley, first_ration, serial_undead, serial_undead_c,
          serial_undead_c, serial_undead_c, serial_undead_b
D:5:      minmay_temple_entry_butterflies, uniq_menkaure
D:6:      gammafunk_steamed_eel, serial_shops, shop, minivault_1,
          minmay_misc_feat_cross
D:7:      nicolae_overflow_crystal_walls, kennysheep_mini_moat,
          amethyst_overflow_temple_binary, nicolae_ossuary_entry_plus
Temple:   pf_slime_end_temple

Skill      XL: |  1  2  3  4  5  6  7  8  9 |
---------------+----------------------------+-----
Invocations    | 1 2 3 4 |  4.7
Short Blades   | 1 2 3 4 |  4.2
Long Blades    | 1 2 3 4 |  4.2
Axes           | 1 2 3 4 |  4.2
Maces & Flails | 1 2 3 4 |  4.2
Polearms       | 1 2 3 4 |  4.2
Staves         | 1 2 3 4 |  4.2
Slings         | 1 2 3 4 |  4.2
Bows           | 1 2 3 4 |  4.2
Throwing       | 1 2 3 4 |  4.2
Armour         | 1 2 3 4 |  4.2
Stealth        | 1 2 3 4 |  4.2
Shields        | 1 2 3 4 |  4.2
Unarmed Combat | 1 2 3 4 |  4.2
Evocations     | 1 2 3 4 |  4.2
Spellcasting   | 3 4 5 |  5.2
Conjurations   | 1 2 3 |  3.5
Charms         | 1 2 3 |  3.5
Summonings     | 1 2 3 |  3.5
Necromancy     | 1 2 3 |  3.5
Translocations | 1 2 3 |  3.5
Transmutations | 1 2 3 |  3.5
Fire Magic     | 1 2 3 |  3.5
Ice Magic      | 1 2 3 |  3.5
Air Magic      | 1 2 3 |  3.5
Earth Magic    | 1 2 3 |  3.5
Poison Magic   | 1 2 3 |  3.5
Fighting       | 3 4 5 |  5.0
Crossbows      | 5 6 |  6.3
Dodging        | 5 6 |  6.3
Hexes          | 6 |  6.5

Action                   |  1- 3 |  4- 6 |  7- 9 || total
-------------------------+-------+-------+-------++-------
Melee: Short sword       |    14 |    15 |   165 ||   194
       Bite              |     1 |     1 |    19 ||    21
       Hand crossbow     |       |     1 |       ||     1
       Dagger            |       |       |     2 ||     2
       Punch             |       |       |     2 ||     2
 Fire: Hand crossbow     |    80 |   163 |   137 ||   380
  Use: Scroll            |       |    13 |     2 ||    15
       Potion            |       |       |     6 ||     6
 Stab: Sleeping          |       |     1 |     2 ||     3
  Eat: Chunk             |       |     5 |    10 ||    15
       Ration            |       |     1 |       ||     1
Armor: Robe              |     6 |       |       ||     6
       Ring mail         |     5 |    31 |    63 ||    99
Dodge: Dodged            |    39 |    50 |   171 ||   260

Table legend:
 A = Spawn XP
 B = Non-spawn XP
 C = Spawn XP percentage of total XP
 D = Spawn monster count
 E = Non-spawn monster count
 F = Spawn count percentage of total count
 G = Total turns spent on level
                    A         B        C        D         E        F      G
               +---------+---------+-------+---------+---------+-------+---------
         Total |       0 |    3608 |   0.0 |       0 |     138 |   0.0 |  5810
               +---------+---------+-------+---------+---------+-------+---------
           D:1 |       0 |      42 |   0.0 |       0 |      25 |   0.0 |   695
           D:2 |       0 |      77 |   0.0 |       0 |      23 |   0.0 |   941
           D:3 |       0 |      77 |   0.0 |       0 |      15 |   0.0 |   891
           D:4 |       0 |     571 |   0.0 |       0 |      37 |   0.0 |  1214
           D:5 |       0 |     801 |   0.0 |       0 |      14 |   0.0 |   667
           D:6 |       0 |    1264 |   0.0 |       0 |      16 |   0.0 |  1042
           D:7 |       0 |     776 |   0.0 |       0 |       8 |   0.0 |   235
               +---------+---------+-------+---------+---------+-------+---------
